 Dungeon Crawl Stone Soup version 0.17-a0-1442-g10bb59b (webtiles) character file.

553 Karisade the Skirmisher (level 7, -12/61 HPs)
             Began as a Minotaur Berserker on June 27, 2015.
             Was a Priest of Trog.
             Mangled by an orc warrior
             ... wielding a +0 morningstar
              (15 damage)
             ... on level 6 of the Dungeon.
             The game lasted 00:23:50 (2849 turns).

Karisade the Skirmisher (Minotaur Berserker)        Turns: 2849, Time: 00:23:50

Health: -12/61     AC:  7    Str: 23    XL:     7   Next: 8%
Magic:  6/6        EV: 11    Int:  4    God:    Trog [***...]
Gold:   124        SH:  0    Dex:  7    Spells: 0 memorised, 6 levels left

rFire  . . .     SeeInvis .     F - +2 long sword (holy)
rCold  . . .     Clarity  .     B - +0 scale mail
rNeg   . . .     SustAt   .     (no shield)
rPois  .         Gourm    .     (helmet restricted)
rElec  .         Spirit   .     (no cloak)
rCorr  .         Warding  .     (no gloves)
rMut   .         Rnd*Tele +     (no boots)
MR     .....                    (no amulet)
Stlth  ..........               u - ring of teleportation (curse)
                                d - -3 ring of dexterity (curse)

@: not resistant to hostile enchantments, extremely unstealthy
A: retaliatory headbutt, horns 2
a: Burn Spellbooks, Berserk, Trog's Hand, Renounce Religion, Evoke Teleportation


You were on level 6 of the Dungeon.
You worshipped Trog.
Trog was most pleased with you.
You were hungry.

You visited 1 branch of the dungeon, and saw 6 of its levels.

You collected 124 gold pieces.

Inventory:

Hand weapons
 a - a +0 falchion
 i - a +0 short sword
 n - a +0 falchion
 s - a +2 spear of venom
 t - a +0 dagger of freezing
 w - a +0 long sword
 x - a cursed -3 halberd
 y - a +0 hunting sling
 A - a +0 whip
 C - a +1 spear of venom
 D - a +0 giant spiked club
 F - a +2 long sword of holy wrath (weapon)
 G - a cursed -2 rapier
Missiles
 m - a throwing net (quivered)
 q - 38 stones
 r - 5 tomahawks
Armour
 b - a +0 animal skin
 h - a +0 ring mail
 j - a +0 ring mail
 o - a +0 robe
 z - a +2 helmet
 B - a +0 scale mail (worn)
 E - a +0 cloak
Jewellery
 d - a cursed -3 ring of dexterity (left hand)
 p - a +2 ring of protection
 u - a cursed ring of teleportation (right hand)
Scrolls
 e - 3 scrolls of recharging {unknown}
 f - a scroll of fear {unknown}
 g - 2 scrolls of remove curse {unknown}
Potions
 k - a potion of mutation {unknown}
 v - a potion of curing {unknown}
Comestibles
 c - a bread ration
 l - a meat ration


   Skills:
 + Level 5.4 Fighting
 + Level 5.1 Long Blades
 + Level 0.2 Throwing
 + Level 5.0 Armour
 + Level 5.3 Dodging
 + Level 0.6 Stealth


You had 6 spell levels left.
You didn't know any spells.

Dungeon Overview and Level Annotations

Branches:
Dungeon (6/15)
 Temple: D:4-7

Altars:
Dithmenos
Gozag
Vehumet


Innate Abilities, Weirdness & Mutations

You reflexively headbutt those who attack you in melee.
You have a pair of horns on your head.


Message History

The rat moves out of view.
The orc warrior hits you with a morningstar!
You barely miss the orc warrior.
You headbutt the orc warrior, but do no damage.
The orc warrior is lightly wounded.
The orc warrior hits you with a morningstar!!
* * * LOW HITPOINT WARNING * * *
You hit the orc warrior.
The orc warrior is moderately wounded.
You hit the orc warrior. You headbutt the orc warrior.
The orc warrior is heavily wounded.
The orc warrior barely misses you.
You are feeling hungry.
You barely miss the orc warrior. Your headbutt misses the orc warrior.
The orc warrior is heavily wounded.
The orc warrior barely misses you.
You hit the orc warrior.
The orc warrior is severely wounded.
The orc warrior hits you with a morningstar!
You die...

.##...# #.#
..#...# #.#
....#.# #.#
..#........
#.#
.##.#.#.#.#
#.#
##..#.#.#
#.# # ..# .
# #.# ##..#
.8 #.#
..... ..
#@# .....
.#8 #o#


oo# rrJ. .<... .#.##.. .... .. ##.#. ..# You could see an orc warrior, a jelly,
an orc priest, an orc and 2 rats.

Vanquished Creatures
  A phantom (D:5)
  2 ogres (D:4)
  Blork the orc (D:5)
  A centaur zombie (D:6)
  An orc priest (D:3)
  2 orc wizards (D:3)
  3 gnolls
  2 adders
  4 giant geckos
  8 orcs (D:3)
  3 ball pythons
  5 bats
  A giant cockroach (D:2)
  6 goblins
  6 hobgoblins
  A jackal (D:3)
  7 kobolds
  2 quokkas (D:3)
  2 giant newts
  2 rats (D:2)
60 creatures vanquished.

Notes
Turn   | Place    | Note
--------------------------------------------------------------
     0 | D:1      | Karisade the Minotaur Berserker began the quest for the Orb.
     0 | D:1      | Reached XP level 1. HP: 19/19 MP: 0/0
   371 | D:1      | Reached XP level 2. HP: 21/27 MP: 1/1
   467 | D:1      | Reached skill level 4 in Long Blades
  1160 | D:2      | Reached XP level 3. HP: 30/34 MP: 2/2
  1502 | D:2      | Acquired Trog's second power
  1810 | D:3      | Found a radiant altar of Vehumet.
  1840 | D:3      | Reached XP level 4. HP: 25/41 MP: 3/3
  1907 | D:3      | Reached XP level 5. HP: 47/47 MP: 4/4
  2506 | D:4      | Found an opulent altar of Gozag.
  2545 | D:4      | Noticed an ogre
  2557 | D:4      | Killed an ogre
  2557 | D:4      | Reached skill level 5 in Fighting
  2557 | D:4      | Reached XP level 6. HP: 45/56 MP: 5/5
  2650 | D:4      | Reached skill level 5 in Long Blades
  2673 | D:5      | Entered Level 5 of the Dungeon
  2686 | D:5      | Noticed Blork the orc
  2696 | D:5      | Killed Blork the orc
  2721 | D:5      | Reached skill level 5 in Armour
  2721 | D:5      | Reached skill level 5 in Dodging
  2721 | D:5      | Reached XP level 7. HP: 30/61 MP: 6/6
  2786 | D:6      | Found a shadowy altar of Dithmenos.
  2845 | D:6      | HP: 2/61 [orc warrior/morningstar (19)]
  2849 | D:6      | Mangled by an orc warrior

Vault maps used:
D:1:      dpeg_arrival_chambers_temple_mockup
D:2:      uniq_jessica
D:3:      minmay_door_path, lemuel_doored_altar, first_bread
D:4:      nicolae_gozag_cash_rules_everything_around_me, uniq_menkaure,
          uniq_edmund
D:5:      uniq_duvessa, uniq_blork_the_orc
D:6:      lemuel_ice_spiral_2, lemuel_round_altar, minmay_temple_entry_glass,
          serial_shops, shop, shop_coins, nicolae_shop_statue_plus

Action                   |  1- 3 |  4- 6 |  7- 9 || total
-------------------------+-------+-------+-------++-------
Melee: Falchion          |    49 |    51 |       ||   100
       Long sword        |    25 |    45 |    12 ||    82
Throw: Stone             |       |     1 |       ||     1
       Throwing net      |       |     1 |       ||     1
  Use: Potion            |       |     3 |       ||     3
  Eat: Bread ration      |     1 |       |       ||     1
       Beef jerky        |       |     1 |       ||     1
